Cogmind - Beta 12 @@@ ROGUE MODE // 2023.08.16 @ 21:12:25 Player: Shadow Pussy wanter Result: Escaped! Performance ------------- Evolutions (9) 4500 Regions Visited (35) 7000 Robots Destroyed (320) 1600 Value Destroyed (14839) 14839 Prototype IDs (76) 1520 Alien Tech Used (4) 800 Bonus (20120) 20120 TOTAL SCORE: 50379 Bonus ------- Triggered Max Security 1000 High Alert Combat Kills 653 Follower Combat Kills 1065 Entered Garrisons 200 Network Hubs Disabled 200 Aligned with FarCom 300 Met Data Miner 300 Met Zhirov 300 Met Warlord at Base 500 MAIN.C Attacked Warlord 500 Met R17 at Cetus 500 Found Hidden Lab 3000 Met R17 at Research 2000 Met Warlord at Research 2000 Hacked God Mode 5000 Win 3000 Friendly Fire -398 Cogmind --------- Core Integrity 1600/1600 Matter 130/300 Energy 228/240 System Corruption 0% Temperature Cool (24) Movement Flying (22) Location To Epsilon Eridani Parts ------- > --- POWER (3) -------- Light Ion Engine Light Ion Engine Light Quantum Reactor > --- PROPULSION (8) --- Cooled Nuclear Pulse Thruster Impulse Thruster Improved Diametric Drive Improved Diametric Drive Impulse Thruster Array Impulse Thruster Array > --- UTILITY (12) ----- Advanced Power Amplifier Large Storage Unit Machine Analyzer Advanced Signal Interpreter Advanced Targeting Computer Improved Transmission Jammer Improved Hacking Suite Advanced Hacking Suite System Shield Ghost Barrier Quantum Router Improved System Guard > --- WEAPON (3) ------- Enhanced Nova Cannon > --- INVENTORY (15) --- Experimental Cooling System Experimental Energy Well (600) Hypervelocity EM Gauss Rifle Vortex Driver (25) Enhanced Nova Cannon Linear Accelerator Lance Peak State ------------ > --- POWER ------------ Micro Antimatter Reactor Vortex Chain Reactor > --- PROPULSION ------- Cooled Nuclear Pulse Thruster Q-thruster Improved Diametric Drive Improved Diametric Drive Impulse Thruster Array > --- UTILITY ---------- Experimental Cooling System Huge Storage Unit Advanced Energy Well Experimental Targeting Computer Improved Transmission Jammer Medium Regenerative Plating Improved Hacking Suite Improved Hacking Suite Advanced Hacking Suite Ghost Barrier Quantum Router Improved System Guard > --- WEAPON ----------- Hypervelocity EM Gauss Rifle Enhanced Nova Cannon Guided Remote Datajack > --- INVENTORY -------- Flexi-carbon Leg Myomer Leg Advanced Myomer Leg Advanced Myomer Leg Field Propulsion Drive Cooled Nuclear Pulse Thruster Cooled Nuclear Pulse Thruster Matter Compressor Improved Focal Shield Thermal Barrier Long-range Tractor Beam Hypervelocity EM Gauss Rifle Vortex Driver Vortex Driver Enhanced Nova Cannon Linear Accelerator Linear Accelerator Linear Accelerator Linear Accelerator Linear Accelerator Linear Accelerator [Rating: 197] Favorites ----------- Power Improved Deuterium Engine Engine Improved Deuterium Engine Power Core Nuclear Core Reactor Antimatter Reactor Propulsion Armored Treads Treads Armored Treads Leg Advanced Myomer Leg Wheel Wheel Flight Unit Improved Diametric Drive Utility Huge Storage Unit Device Improved Heat Sink Storage Huge Storage Unit Processor Improved Signal Interpreter Hackware Improved Hacking Suite Protection Layered Medium Armor Plating Weapon Precision Assault Rifle Energy Gun Advanced Variable Charge Gun Energy Cannon Phase Cannon Ballistic Gun Precision Assault Rifle Ballistic Cannon Gauss Cannon Launcher Heavy Missile Launcher Special Weapon Guided Remote Datajack Impact Weapon Makeshift Hammer Slashing Weapon Longsword +1 Build | -11 -10 -10 -9 -9 -9 -8 -8 -8 -8 -7 -7 -7 -7 -6 -6 -6 -6 -6 -6 -5 -5 -5 -5 -4 -4 -4 -4 -4 -3 -3 -3 -3 -2 -2 -1 ------- Run | Jun Mat Min Mat Min Exi Min Mat Gar Mat Fac Low Low Dat Pro Fac Ext Cet Arc Hub Fac Upp Upp War Pro Fac Upp Upp Zhi Pro Res Arm Lab Res Tes Acc Slots Evolved 18 | . . . 2 . . . 2 . . 2 . . . . 2 . . . . 2 . . . . 2 . . . . 2 . . 2 . 2 Power 1 | . . . . . . . . . . . . . . . 1 . . . . . . . . . . . . . . . . . . . . Propulsion 6 | . . . 1 . . . 1 . . . . . . . . . . . . 2 . . . . . . . . . . . . . . 2 Utility 10 | . . . . . . . 1 . . 2 . . . . 1 . . . . . . . . . 2 . . . . 2 . . 2 . . Weapon 1 | . . . 1 . . . . . . . . . . . . . . . . . . . . . . . . . . . . . . . . Parts Attached 392 | 6 5 1 22 3 . . 7 15 4 30 5 6 3 4 41 28 15 14 6 13 17 14 15 2 29 1 2 11 7 15 13 10 20 . 8 Power 36 | 1 . . 6 . . . . . . 1 . . . . 3 2 3 . . . 1 1 2 . 5 . . 1 1 1 2 1 4 . 1 Engine 10 | 1 . . 3 . . . . . . . . . . . 2 1 . . . . 1 . . . . . . . . . . . 2 . . Core 9 | . . . 3 . . . . . . 1 . . . . 1 1 1 . . . . 1 . . . . . . . . . . 1 . . Reactor 17 | . . . . . . . . . . . . . . . . . 2 . . . . . 2 . 5 . . 1 1 1 2 1 1 . 1 Propulsion 66 | 2 2 . 8 . . . 5 6 4 2 1 . . . 4 2 2 . . 3 1 1 5 . 2 . . 1 . 6 2 . 5 . 2 Treads 43 | . 2 . 5 . . . 5 6 4 2 1 . . . 4 2 2 . . 3 1 1 2 . 2 . . 1 . . . . . . . Leg 14 | 2 . . 2 . . . . . . . . . . . . . . . . . . . 2 . . . . . . 6 2 . . . . Wheel 1 | . . . 1 . . . . . . . . . . . . . . . . . . . . . . . . . . . . . . . . Hover . | . . . . . . . . . . . . . . . . . . . . . . . . . . . . . . . . . . . . Flight 8 | . . . . . . . . . . . . . . . . . . . . . . . 1 . . . . . . . . . 5 . 2 Utility 182 | 1 1 1 1 2 . . 1 4 . 17 2 4 . 2 21 17 10 11 2 6 9 10 5 2 16 1 2 4 4 5 4 4 9 . 4 Device 125 | . . 1 . 2 . . . 2 . 13 1 4 . 2 12 12 9 11 1 5 8 8 3 1 11 1 2 3 4 3 3 1 2 . . Storage 8 | 1 1 . 1 . . . . . . . . . . . . . . . . . . . . . 1 . . . . . . 2 1 . 1 Processor 14 | . . . . . . . . . . 1 . . . . 3 . . . 1 . . . 2 . 1 . . . . 2 . . 2 . 2 Hackware 8 | . . . . . . . . . . . . . . . 1 . . . . . . . . . 2 . . . . . . . 4 . 1 Protection 27 | . . . . . . . 1 2 . 3 1 . . . 5 5 1 . . 1 1 2 . 1 1 . . 1 . . 1 1 . . . Artifact . | . . . . . . . . . . . . . . . . . . . . . . . . . . . . . . . . . . . . Weapon 108 | 2 2 . 7 1 . . 1 5 . 10 2 2 3 2 13 7 . 3 4 4 6 2 3 . 6 . . 5 2 3 5 5 2 . 1 Energy Gun 17 | 2 . . . . . . . 1 . . . . . . . . . . . . . 1 . . 5 . . 2 1 2 . 2 1 . . Energy Cannon 13 | . . . 1 . . . . . . . . . . . 1 1 . . 1 . 2 . . . 1 . . 1 . 1 1 1 1 . 1 Ballistic Gun 32 | . 2 . 3 . . . 1 . . 3 1 1 3 1 5 3 . 3 2 2 2 . . . . . . . . . . . . . . Ballistic Cannon 22 | . . . 3 1 . . . 4 . 4 1 . . . . 3 . . . . . . . . . . . 1 1 . 4 . . . . Launcher 6 | . . . . . . . . . . . . . . 1 2 . . . . 1 1 1 . . . . . . . . . . . . . Special Weapon 2 | . . . . . . . . . . . . . . . . . . . . . . . . . . . . . . . . 2 . . . Impact Weapon 2 | . . . . . . . . . . . . . . . . . . . . . . . 2 . . . . . . . . . . . . Slashing Weapon 14 | . . . . . . . . . . 3 . 1 . . 5 . . . 1 1 1 . 1 . . . . 1 . . . . . . . Piercing Weapon . | . . . . . . . . . . . . . . . . . . . . . . . . . . . . . . . . . . . . Special Melee Weapon . | . . . . . . . . . . . . . . . . . . . . . . . . . . . . . . . . . . . . Unidentified Prototypes 34 | . . . 2 . . . 1 . . . . . . . . 1 2 1 1 . . 1 7 . 3 . . 4 . 1 2 5 3 . . Parts Lost 57 | . . . 2 2 . . . 8 . 1 . . . . 4 4 3 1 . . 3 4 . . 6 . . . 5 2 5 . 5 2 . Power 7 | . . . 1 . . . . . . 1 . . . . . . 1 . . . 1 1 . . . . . . . . 1 . 1 . . Propulsion 16 | . . . . . . . . 5 . . . . . . 3 . . . . . 1 2 . . 2 . . . 2 . . . . 1 . Utility 20 | . . . . 1 . . . 1 . . . . . . 1 1 2 . . . 1 . . . 4 . . . 2 2 2 . 2 1 . Weapon 14 | . . . 1 1 . . . 2 . . . . . . . 3 . 1 . . . 1 . . . . . . 1 . 2 . 2 . . Highest Loss Streak 5 | . . . 1 2 . . . 5 . 1 . . . . 2 2 3 1 . . 3 3 . . 2 . . . 4 1 5 . 4 2 . To Critical Strikes 3 | . . . . . . . . . . . . . . . . . . . . . 1 . . . . . . . 1 . . . 1 . . Average Slot Usage (%) 94 | . 99 100 98 95 100 100 100 99 100 99 100 100 78 100 99 99 92 85 86 84 83 86 82 94 93 88 89 78 85 87 96 85 87 83 78 Engine 5 | . 14 14 5 11 11 11 9 9 9 6 . . . . 9 11 4 . . . 3 5 4 . . . . . . . . . 3 8 7 Core 1 | . . . 5 . . . . . . . 7 7 7 7 3 . 5 . . . . 4 4 . . . . . . . . . 1 . . Reactor 3 | . . . . . . . . . . . . . . . . . 1 13 13 11 6 . . 11 10 10 10 10 10 9 6 7 4 4 1 Treads 24 | . 9 28 25 33 33 33 36 35 36 30 30 30 30 30 25 26 19 13 13 19 19 21 17 29 25 21 21 22 19 9 . . . . . Leg 2 | . 18 . 5 . . . . . . . . . . . . . . . . . . . 3 . . . . . . 14 28 27 10 . . Device 14 | . . 11 11 10 11 11 9 9 9 16 15 15 15 15 14 13 13 12 13 11 19 22 20 16 16 20 21 20 20 18 20 13 14 12 7 Storage 7 | . 27 16 11 11 11 11 9 9 9 7 7 7 7 7 6 6 6 6 6 5 5 5 5 5 5 5 5 5 5 4 4 4 8 4 3 Processor 6 | . . . . . . . . . . 6 7 7 7 7 11 13 13 13 13 11 6 5 7 11 10 5 5 5 5 10 14 13 6 8 14 Hackware 1 | . . . . . . . . . . . . . . . . . . . . . . . . . 4 5 5 5 5 4 4 4 14 20 18 Protection 4 | . . . . . . . 9 9 9 7 7 7 7 7 6 6 5 6 6 5 2 . . . 3 5 5 5 2 . 1 4 1 . . Energy Gun 2 | . 16 . . . . . . 2 . . . . . . . . . . . . . 4 . . 14 15 15 . 7 4 4 5 4 4 . Ballistic Gun 8 | . 11 28 23 12 11 11 9 . . 1 20 22 2 22 16 4 . 13 19 16 14 5 . . . . . . . . . . . . . Ballistic Cannon 6 | . . . 8 17 22 22 18 24 27 20 1 . . . . 10 13 5 . . . . . . . . . . 2 4 6 . . . . Naked Turns . | . . . . . . . . . . . . . . . . . . . . . . . . . . . . . . . . . . . . Heaviest Build 170 | 14 54 54 98 99 99 99 107 117 117 123 111 111 108 111 129 144 154 154 148 150 149 140 132 143 160 154 155 154 156 159 159 161 170 39 58 Greatest Support 206 | 20 40 40 60 60 60 60 80 89 89 82 82 82 82 82 87 92 160 160 160 206 206 180 179 179 190 162 162 185 185 165 165 165 165 44 59 Greatest Overweight (x) 5 | 1 2 1 5 1 1 1 1 1 1 1 1 1 1 1 2 1 1 . . . . 1 3 . 1 . . . 2 4 1 . 1 . 1 Average Overweight (x) . | . 1 1 1 1 1 1 1 1 1 1 1 1 1 1 1 1 . . . . . . . . . . . . . . . . . . . Largest Inventory Capacity 25 | 8 20 20 25 25 25 25 25 25 25 25 25 25 25 25 25 25 25 25 25 25 25 25 25 25 25 25 25 25 25 25 25 25 25 5 15 Average Capacity 24 | 7 19 20 22 25 25 25 25 25 25 25 25 25 25 25 25 25 25 25 25 25 25 25 25 25 25 25 25 25 25 25 25 25 13 5 14 Most Carried 25 | 7 10 13 25 25 25 25 25 25 25 25 25 25 25 25 25 25 25 25 25 25 25 25 25 25 25 25 25 25 25 25 25 25 25 5 8 Average Carried 23 | 3 9 11 20 24 24 25 24 24 24 24 25 24 25 25 24 24 24 23 24 24 24 24 24 25 24 24 24 24 23 24 24 24 13 5 7 Final Capacity 25 | 8 20 20 25 25 25 25 25 25 25 25 25 25 25 25 25 25 25 25 25 25 25 25 25 25 25 25 25 25 25 25 25 25 5 5 15 Final Carried 25 | 7 10 13 25 25 25 25 25 25 25 25 25 25 25 25 24 25 24 25 25 25 25 25 25 25 25 24 25 25 23 25 25 25 5 5 7 Class Distribution -------------------- 26% | Scavenger-Skirmisher 15% | Mutant 14% | Scavenger-Tank 12% | Skirmisher 7% | Tank 7% | Scavenger-Mutant 5% | Gunner 4% | Scavenger-Gunner 3% | Scavenger-Assassin Dominant Class ---------------- Mutant | -10/Materials Mutant | -10/Mines Gunner | -9/Materials Scavenger-Gunner | -9/Mines Scavenger-Gunner | -9/Exiles Scavenger-Skirmisher | -8/Mines Scavenger-Skirmisher | -8/Materials Scavenger-Skirmisher | -8/Garrison Skirmisher | -8/Materials Tank | -7/Factory Skirmisher | -7/Lower Caves Skirmisher | -7/Lower Caves Mutant | -7/Data Miner Skirmisher | -6/Proximity Caves Scavenger-Tank | -6/Factory Scavenger-Skirmisher | -6/Extension Scavenger-Skirmisher | -6/Cetus Scavenger-Skirmisher | -6/Archives Scavenger-Tank | -6/Hub_04(d) Scavenger-Tank | -5/Factory Scavenger-Skirmisher | -5/Upper Caves Scavenger-Skirmisher | -5/Upper Caves Scavenger-Assassin | -5/Warlord Scavenger-Assassin | -4/Proximity Caves Scavenger-Tank | -4/Factory Scavenger-Tank | -4/Upper Caves Scavenger-Tank | -4/Upper Caves Mutant | -4/Zhirov Mutant | -3/Proximity Caves Mutant | -3/Research Mutant | -3/Armory Mutant | -3/Lab Wizard-Mutant | -2/Research Wizard-Sprinter | -2/Testing Wizard-Sprinter | -1/Access Resources | -11 -10 -10 -9 -9 -9 -8 -8 -8 -8 -7 -7 -7 -7 -6 -6 -6 -6 -6 -6 -5 -5 -5 -5 -4 -4 -4 -4 -4 -3 -3 -3 -3 -2 -2 -1 ----------- Run | Jun Mat Min Mat Min Exi Min Mat Gar Mat Fac Low Low Dat Pro Fac Ext Cet Arc Hub Fac Upp Upp War Pro Fac Upp Upp Zhi Pro Res Arm Lab Res Tes Acc Matter Collected 12019 | 260 . 145 625 130 . 28 845 989 327 877 239 604 . 275 1081 1090 630 501 179 539 741 195 209 37 287 45 88 100 164 329 194 250 16 . . Remotely 1853 | . . . . . . . . . . 258 . . . . 199 347 361 332 . 199 . 65 . . . . . . . . 92 . . . . Salvage Created 12261 | 117 . 192 985 140 . . 809 750 426 745 46 389 . 461 1015 924 633 470 407 414 638 360 . 23 984 . 195 249 200 558 85 . 46 . . Parts 563 | 4 . 12 69 4 . . 61 43 21 42 2 10 . 18 46 28 26 21 25 14 13 20 . 2 35 . 5 3 15 19 1 . 4 . . Haulers Intercepted 8 | . . . 3 . . . 3 . 2 . . . . . . . . . . . . . . . . . . . . . . . . . . Recyclers Shooed 2 | . . 1 . . . . 1 . . . . . . . . . . . . . . . . . . . . . . . . . . . . Parts Field Recycled . | . . . . . . . . . . . . . . . . . . . . . . . . . . . . . . . . . . . . Retrieved Matter . | . . . . . . . . . . . . . . . . . . . . . . . . . . . . . . . . . . . . Parts Self-Destructed 83 | . . . . . . . . . . . 2 10 . 14 . . . . . . 9 17 . 11 . . 5 . 15 . . . . . . Prevented 2 | . . . . . . . . . . . . . . . . . . . . . . 2 . . . . . . . . . . . . . Kills | -11 -10 -10 -9 -9 -9 -8 -8 -8 -8 -7 -7 -7 -7 -6 -6 -6 -6 -6 -6 -5 -5 -5 -5 -4 -4 -4 -4 -4 -3 -3 -3 -3 -2 -2 -1 ------- Run | Jun Mat Min Mat Min Exi Min Mat Gar Mat Fac Low Low Dat Pro Fac Ext Cet Arc Hub Fac Upp Upp War Pro Fac Upp Upp Zhi Pro Res Arm Lab Res Tes Acc Combat Hostiles Destroyed 257 | . . 4 23 3 . . 19 28 7 24 1 9 . 15 18 19 13 4 5 7 11 9 . 1 14 . 3 . 6 12 2 . . . . Melee 4 | . . . . . . . . . . . . . . . 1 . . . . . . . . 1 . . . . . 2 . . . . . Guns 117 | . . 4 15 1 . . 8 1 . . 1 9 . 3 14 5 . . 5 6 7 8 . . 13 . 3 . 5 8 1 . . . . Cannons 105 | . . . 8 2 . . 11 27 7 18 . . . . 1 12 12 3 . . . . . . . . . . 1 2 1 . . . . AOE 26 | . . . . . . . . . . 6 . . . 12 2 . . . . 1 4 1 . . . . . . . . . . . . . Classes Destroyed 21 | 2 . 2 4 1 . . 1 2 . 1 . 1 . 1 . 1 . 1 . . 1 . . . . . . . 1 2 . . . . . Worker 14 | . . 1 . . . . 3 . . 4 . . . . 2 1 . . . 1 . . . . . . . . . . . . 2 . . Builder 7 | . . . . . . . 4 . 1 2 . . . . . . . . . . . . . . . . . . . . . . . . . Tunneler 3 | 1 . . 1 . . . . . . 1 . . . . . . . . . . . . . . . . . . . . . . . . . Hauler 8 | . . . 3 . . . 3 . 2 . . . . . . . . . . . . . . . . . . . . . . . . . . Recycler 7 | 1 . . 3 1 . . . . . . . . . . 1 . . . 1 . . . . . . . . . . . . . . . . Mechanic 1 | . . . . . . . . . . . . . . 1 . . . . . . . . . . . . . . . . . . . . . Operator 7 | . . . . . . . . . . . . . . . . . . 7 . . . . . . . . . . . . . . . . . Drone 2 | . . . . . . . . . . . . . . . . . . . . . . . . . . . . . 2 . . . . . . Watcher 14 | . . . 1 . . . 3 . . 1 . . . . 2 . 1 . 1 1 . . . . 3 . . . . . 1 . . . . Swarmer 52 | . . . 10 1 . . 11 8 . 4 . 2 . 1 3 . . . . . 1 5 . 1 . . . . . 5 . . . . . Grunt 102 | . . 4 8 1 . . 3 13 6 10 . 5 . 8 8 10 6 . . 4 8 4 . . . . . . . 4 . . . . . Brawler 5 | . . . . 1 . . . . . 2 . . . . 1 . . . . . 1 . . . . . . . . . . . . . . Duelist 5 | . . . . . . . . . . . . 1 . 3 . . 1 . . . . . . . . . . . . . . . . . . Sentry 36 | . . . 5 . . . 5 3 1 3 . 1 . 1 . 7 . 4 2 1 1 . . . 1 . . . . 1 . . . . . Demolisher 1 | . . . . . . . . . . . . . . . . . . . . . . . . . . . . . . 1 . . . . . Specialist 1 | . . . . . . . . 1 . . . . . . . . . . . . . . . . . . . . . . . . . . . Hunter 16 | . . . . . . . . 3 . . 1 . . 1 2 . . . 1 . . . . . 4 . 2 . 2 . . . . . . Programmer 30 | . . . . . . . . . . 5 . . . 1 4 1 1 . 2 2 . . . . 9 . 1 . 2 . 2 . . . . Behemoth 1 | . . . . . . . . . . . . . . . . 1 . . . . . . . . . . . . . . . . . . . Cetus Guard 5 | . . . . . . . . . . . . . . . . . 5 . . . . . . . . . . . . . . . . . . Striker 1 | . . . . . . . . . . . . . . . . . . . . . . . . . . . . . . 1 . . . . . Samaritan 1 | . . . . . . . . . . . . . . . . . . . . . 1 . . . . . . . . . . . . . . Thug 1 | . . . . . . . . . 1 . . . . . . . . . . . . . . . . . . . . . . . . . . Savage 1 | . . . . . . . . . . . . . . . . 1 . . . . . . . . . . . . . . . . . . . Best Kill Streak 14 | 2 . 3 7 3 . . 9 5 4 9 1 5 . 14 5 4 8 6 3 8 4 5 . 1 3 . 3 . 3 8 2 . 1 . . Combat Bots Only 13 | . . 2 6 2 . . 7 5 3 8 1 5 . 13 4 4 5 2 2 6 4 5 . 1 3 . 3 . 3 8 2 . . . . Max Kills in Single Turn 7 | 1 . 1 1 1 . . 2 2 2 7 1 1 . 3 2 2 2 1 1 1 3 2 . 1 1 . 1 . 1 2 1 . 1 . . Gunslinging 1 | . . . . . . . . . . . . . . . . . . . . . . 1 . . . . . . . 1 . . . . . Exploded 5 | . . . . . . . . . . 5 . . . 3 2 . . . . 1 3 1 . . . . . . . . . . . . . Melee 1 | . . . . . . . . . . . . . . . 1 . . . . . . . . 1 . . . . . 1 . . . . . Uniques/NPCs Destroyed . | . . . . . . . . . . . . . . . . . . . . . . . . . . . . . . . . . . . . Combat | -11 -10 -10 -9 -9 -9 -8 -8 -8 -8 -7 -7 -7 -7 -6 -6 -6 -6 -6 -6 -5 -5 -5 -5 -4 -4 -4 -4 -4 -3 -3 -3 -3 -2 -2 -1 -------- Run | Jun Mat Min Mat Min Exi Min Mat Gar Mat Fac Low Low Dat Pro Fac Ext Cet Arc Hub Fac Upp Upp War Pro Fac Upp Upp Zhi Pro Res Arm Lab Res Tes Acc Damage Taken 18524 | . 42 278 748 188 . . 438 1502 181 926 30 538 . 660 984 1528 1160 238 508 703 899 870 38 98 2016 . 168 . 970 737 474 . 1451 106 45 Core 1735 | . 14 66 104 21 . . 14 148 . 64 . 53 . 101 16 148 155 26 5 14 52 34 12 16 196 . . . 45 68 22 . 314 27 . Absorbed by Shields 2929 | . . . . . . . . . . 216 11 111 . 37 205 128 52 . 117 209 100 132 . 26 541 . 109 . 520 415 . . . . . Reduced by Siege Mode 388 | . . . . . . . . . . . . . . . . . 54 18 62 66 27 78 . . 63 . 5 . 15 . . . . . . Regen/Repaired (Parts) 741 | . . . 180 . . . . . . . . . . . 253 . . . . . . . 293 . . . . . . . . . 15 . . Core Remaining (%) 77 | 100 . 68 . . . 68 . . 70 . . . . 68 . . . . 58 . . . . 87 . . . . 79 . . 78 . 76 100 Volleys Fired 752 | 5 . 15 63 12 . . 52 63 13 49 17 20 . 14 36 60 34 29 23 18 37 14 . . 60 . 8 . 29 23 20 4 16 . 18 Largest 3 | 2 . 2 3 3 . . 3 3 3 3 3 3 . 3 3 3 3 3 3 3 3 3 . . 3 . 3 . 2 3 3 1 1 . 1 Hottest 480 | 80 . 40 82 101 . . 106 165 144 144 84 84 . 84 141 195 195 195 96 96 103 148 . . 400 . 248 . 480 253 266 120 120 . 120 Shots Fired 1900 | 10 . 30 173 31 1 . 132 180 39 135 25 59 . 24 85 179 103 85 69 50 74 29 1 . 181 1 23 1 57 43 42 4 16 . 18 Gun 1001 | 10 . 30 140 17 . . 40 11 . 6 10 59 . 15 73 49 . 60 69 48 53 21 1 . 181 1 23 1 42 31 6 . 4 . . Cannon 873 | . . . 33 14 1 . 92 169 39 129 15 . . . 2 130 103 25 . . 19 7 . . . . . . 15 12 36 4 10 . 18 Launcher 24 | . . . . . . . . . . . . . . 9 10 . . . . 2 2 1 . . . . . . . . . . . . . Special 2 | . . . . . . . . . . . . . . . . . . . . . . . . . . . . . . . . . 2 . . Kinetic 1410 | . . 30 173 31 1 . 132 169 39 135 25 59 . 15 73 143 69 80 69 48 53 13 . . . . . . 15 10 28 . . . . Thermal 448 | . . . . . . . . 11 . . . . . . 2 36 34 5 . . 19 15 1 . 181 1 23 1 42 31 14 4 10 . 18 Explosive 24 | . . . . . . . . . . . . . . 9 10 . . . . 2 2 1 . . . . . . . . . . . . . Electromagnetic 14 | 10 . . . . . . . . . . . . . . . . . . . . . . . . . . . . . . . . 4 . . Entropic 2 | . . . . . . . . . . . . . . . . . . . . . . . . . . . . . . 2 . . . . . Robot Hit Streak 53 | 5 . 6 14 12 . . 16 12 5 24 4 10 . 10 25 14 24 34 14 20 43 28 . . 53 . 12 . 20 42 16 . 6 . . Robot Miss Streak 9 | 1 . 1 6 3 . . 3 3 2 5 4 9 . 6 4 4 2 3 2 1 2 1 . . 2 . 1 . 2 1 3 . 1 . . Penetration Max 1 | . . . . . . . . 1 1 1 . . . . . . . 1 . 1 1 . . . . . . . . . . . 1 . . Secondary Targets 13 | . . . . . . . . . . . . 3 . . 3 . . . . 3 . 1 . . . . . . 1 2 . . . . . Max Gunslinging Chain 1 | . . . . . . . . . . . . 1 . . 1 . . . . 1 . 1 . . . . . . 1 1 . . . . . Shots Hit Robots 1202 | 7 . 22 102 21 . . 69 85 18 73 4 47 . 22 72 119 73 66 43 43 47 24 . 1 118 . 21 3 41 33 22 . 6 . . Core Hits 614 | 3 . 11 42 7 . . 37 45 9 42 3 35 . 40 69 49 34 29 12 18 27 13 . 1 38 . 7 3 12 17 7 . 4 . . Critical Kills 17 | . . . . . . . . . . . . . . . . 3 5 4 1 1 2 . . . . . . . . 1 . . . . . Critical Parts Destroyed 25 | . . . 1 . . . . . . . . . . . . 2 6 8 2 2 2 . . . . . . . 1 1 . . . . . Critical Strikes 80 | . . . 2 1 . . 1 8 6 10 . . . . 1 9 14 12 4 3 4 . . . . . 1 . 2 2 . . . . . Burn 2 | . . . . . . . . 1 . . . . . . . . . . . . . . . . . . 1 . . . . . . . . Meltdown 4 | . . . . . . . . . . . . . . . . 2 1 1 . . . . . . . . . . . . . . . . . Destroy 42 | . . . 1 . . . . . . . . . . . . 4 12 11 4 3 4 . . . . . . . 1 2 . . . . . Blast 31 | . . . 1 1 . . 1 7 6 10 . . . . . 3 1 . . . . . . . . . . . 1 . . . . . . Sever 1 | . . . . . . . . . . . . . . . 1 . . . . . . . . . . . . . . . . . . . . Melee Attacks 35 | . . . . . . . . . . 3 . 1 . . 17 . . . 1 1 . . . 2 . . . 3 1 6 . . . . . Impact 1 | . . . . . . . . . . . . . . . . . . . . . . . . 1 . . . . . . . . . . . Slashing 34 | . . . . . . . . . . 3 . 1 . . 17 . . . 1 1 . . . 1 . . . 3 1 6 . . . . . Piercing . | . . . . . . . . . . . . . . . . . . . . . . . . . . . . . . . . . . . . Sneak Attacks 3 | . . . . . . . . . . . . . . . 3 . . . . . . . . . . . . . . . . . . . . Combat Hostiles . | . . . . . . . . . . . . . . . . . . . . . . . . . . . . . . . . . . . . Follow-up Attacks . | . . . . . . . . . . . . . . . . . . . . . . . . . . . . . . . . . . . . Damage Inflicted 35714 | 88 11 272 1373 410 . . 1618 2163 699 3299 40 832 . 2054 2297 3430 2225 1541 1092 1400 1524 904 . 44 3725 . 644 292 1533 1106 961 . 137 . . Guns 16379 | 88 . 272 985 129 . . 649 115 . 83 40 832 . 220 1269 783 . 975 1002 1048 1045 473 . . 3725 . 644 . 1163 655 176 . 8 . . Cannons 13711 | . . . 369 256 . . 903 2048 689 2228 . . . . 40 2645 2225 566 . . 61 219 . . . . . . 370 264 785 . 43 . . Explosions 4246 | . . . . . . . . . . 962 . . . 1834 292 . . . 90 352 418 212 . . . . . . . . . . 86 . . Melee 1167 | . . . . . . . . . . . . . . . 644 . . . . . . . . 44 . . . 292 . 187 . . . . . Ramming 211 | . 11 . 19 25 . . 66 . 10 26 . . . . 52 2 . . . . . . . . . . . . . . . . . . . Kinetic 20795 | . . 272 1354 385 . . 1552 2048 689 2311 40 832 . 220 1269 2609 1276 1423 1002 1048 1045 287 . . . . . . 370 170 593 . . . . Thermal 10132 | . . . . . . . . 115 . 941 . . . . 40 819 949 118 . . 61 405 . . 3725 . 644 . 1163 655 368 . 129 . . Explosive 3108 | . . . . . . . . . . . . . . 1834 292 . . . . 352 418 212 . . . . . . . . . . . . . Electromagnetic 207 | 88 . . . . . . . . . 21 . . . . . . . . 90 . . . . . . . . . . . . . 8 . . Impact . | . . . . . . . . . . . . . . . . . . . . . . . . . . . . . . . . . . . . Slashing 1167 | . . . . . . . . . . . . . . . 644 . . . . . . . . 44 . . . 292 . 187 . . . . . Piercing . | . . . . . . . . . . . . . . . . . . . . . . . . . . . . . . . . . . . . Entropic 94 | . . . . . . . . . . . . . . . . . . . . . . . . . . . . . . 94 . . . . . Highest Corruption 27 | . . . . 5 5 5 . . 2 2 2 2 2 2 1 1 1 1 1 4 10 10 10 10 14 14 14 14 27 2 8 8 . . . Average Corruption 5 | . . . . 4 5 5 . . 2 1 2 2 2 2 1 1 1 1 1 3 8 10 10 10 8 14 14 14 25 2 5 8 . . . Corruption Purged 1 | . . . . . . . . . . . . . . . . . . 1 . . . . . . . . . . . . . . . . . Corruption Blocked . | . . . . . . . . . . . . . . . . . . . . . . . . . . . . . . . . . . . . Effects 453 | . . . . 17 16 3 . . 7 23 16 13 1 11 6 16 3 2 . 7 36 35 29 13 57 15 18 16 50 10 12 21 . . . Message Errors 120 | . . . . 5 2 . . . 2 6 3 2 1 5 . 1 1 . . 1 10 6 8 4 18 4 10 5 15 4 2 5 . . . Matter Fused 100 | . . . . 2 4 2 . . 1 5 2 . . 2 1 6 . . . 4 12 5 4 2 14 1 3 2 13 2 6 7 . . . Heat Flow Errors 66 | . . . . 3 2 . . . 2 6 3 3 . 3 . 4 1 1 . . 5 6 3 2 4 4 1 1 6 2 1 3 . . . Energy Discharges 44 | . . . . 1 3 . . . 1 3 1 2 . . . 2 . . . . 1 6 3 3 6 1 2 2 2 1 1 3 . . . Parts Rejected 2 | . . . . . . . . . . . . . . . . . . . . 1 . . . . 1 . . . . . . . . . . Parts Fused 6 | . . . . . . . . . . . . . . . . . . . . . . 1 1 . 1 1 . 2 . . . . . . . Data Loss (minor) 49 | . . . . 2 2 . . . . . 2 2 . . 2 . . . . 1 2 8 7 1 7 2 1 1 8 . . 1 . . . Data Loss (major) 30 | . . . . 1 . 1 . . 1 1 3 1 . 1 2 1 . . . . 5 1 1 1 2 1 . . 3 1 1 2 . . . Misfires 14 | . . . . 2 1 . . . . . 2 . . . . 1 1 . . . . . 1 . 2 1 . 1 2 . . . . . . Alerts 13 | . . . . 1 2 . . . . . . 2 . . 1 1 . 1 . . . 1 1 . 1 . . 2 . . . . . . . Weapon Failures 9 | . . . . . . . . . . 2 . 1 . . . . . . . . 1 1 . . 1 . 1 . 1 . 1 . . . . Overload Shots 12 | . . . . . . . . . . . . . . . . . . . . . . . . . 1 . . . 11 . . . . . . Overflow Damage 773 | . . . . 31 . . 13 44 20 267 . . . 83 135 31 5 . 10 . . . . . . . . . 21 64 49 . . . . Projectiles 289 | . . . . 31 . . 11 39 20 18 . . . . . 31 5 . . . . . . . . . . . 21 64 49 . . . . Explosions 347 | . . . . . . . . 5 . 249 . . . 83 . . . . 10 . . . . . . . . . . . . . . . . Melee 137 | . . . . . . . 2 . . . . . . . 135 . . . . . . . . . . . . . . . . . . . . Knockbacks 68 | . . . 2 2 . . 9 18 4 13 . . . . 1 4 3 . . . . . . . . . . . 6 . 6 . . . . Impact 3 | . . . . . . . 1 . . 1 . . . . 1 . . . . . . . . . . . . . . . . . . . . Kinetic 64 | . . . 2 1 . . 8 18 4 12 . . . . . 4 3 . . . . . . . . . . . 6 . 6 . . . . Secondary 1 | . . . . 1 . . . . . . . . . . . . . . . . . . . . . . . . . . . . . . . Self-Inflicted Damage 367 | . . . . . . . . 86 . . . . . 43 132 . . . 73 . . . . . . . . . . . 33 . . . . Shots 11 | . . . . . . . . 1 . . . . . 2 6 . . . 1 . . . . . . . . . . . 1 . . . . Rammed 23 | . 1 . 4 3 . . 4 . 2 3 . . . . 4 2 . . . . . . . . . . . . . . . . . . . Targets Rammed 28 | . 1 . 6 3 . . 5 . 2 5 . . . . 4 2 . . . . . . . . . . . . . . . . . . . Kicked . | . . . . . . . . . . . . . . . . . . . . . . . . . . . . . . . . . . . . Crushed 5 | . . . 2 . . . 1 . . 2 . . . . . . . . . . . . . . . . . . . . . . . . . Highest Temperature 555 | 36 . 8 453 182 162 . 6 142 248 335 218 251 . 207 30 357 368 249 19 4 555 183 237 278 355 229 296 116 525 89 198 211 182 . 237 Average Temperature 95 | 19 . 3 231 74 77 . 3 29 80 87 112 128 . 82 12 132 100 89 10 4 150 53 99 115 119 92 100 77 168 28 79 100 96 . 111 Received Heat Transfer 3931 | . . 153 201 24 . . 126 441 126 398 . 137 . 153 190 510 319 36 86 179 214 365 . . 26 . . . . 73 12 . 126 18 18 Effects 14 | . . . . . . . . . . 6 . . . . . 1 1 . . . 2 . . . 1 . 1 . 2 . . . . . . Shutdowns 5 | . . . . . . . . . . . . . . . . . . . . . 2 . . . 1 . . . 2 . . . . . . Energy Bleed 1 | . . . . . . . . . . . . . . . . . . . . . . . . . . . 1 . . . . . . . . Interference 6 | . . . . . . . . . . 6 . . . . . . . . . . . . . . . . . . . . . . . . . Matter Decay 2 | . . . . . . . . . . . . . . . . 1 1 . . . . . . . . . . . . . . . . . . Siege Activations 33 | . . . . . . . . . . . . . . . . . 2 5 5 2 2 1 . . 11 . 2 . 3 . . . . . . Total Turns 534 | . . . . . . . . . . . . . . . . . 69 84 59 61 25 33 . . 134 . 21 . 48 . . . . . . Longest Duration 57 | . . . . . . . . . . . . . . . . . 38 43 26 57 18 33 . . 34 . 17 . 21 . . . . . . Robots Corrupted . | . . . . . . . . . . . . . . . . . . . . . . . . . . . . . . . . . . . . Combat Hostiles . | . . . . . . . . . . . . . . . . . . . . . . . . . . . . . . . . . . . . Parts Fried 1 | . . . . . . . . . . . . . . . . 1 . . . . . . . . . . . . . . . . . . . Impact Corruptions 2 | . . . . 1 . . 1 . . . . . . . . . . . . . . . . . . . . . . . . . . . . Robots Melted 6 | . . . . . . . . . . . . . . . . 3 1 1 . . . . . . 1 . . . . . . . . . . Combat Hostiles 5 | . . . . . . . . . . . . . . . . 2 1 1 . . . . . . 1 . . . . . . . . . . Parts Melted 29 | . . . . . . . . . . . . . . . . 2 1 3 . . . 2 . . 16 . 2 . 2 1 . . . . . Heat Transferred 11618 | . . . . . . . . 296 . 700 . . . . 37 953 1147 148 . . 100 572 . . 4292 . 851 . 1164 888 333 . 137 . . Parts Sabotaged . | . . . . . . . . . . . . . . . . . . . . . . . . . . . . . . . . . . . . Parts Stolen . | . . . . . . . . . . . . . . . . . . . . . . . . . . . . . . . . . . . . Parts Stripped . | . . . . . . . . . . . . . . . . . . . . . . . . . . . . . . . . . . . . Power Chain Reactions 2 | . . . . . . . . . . . . . . . . . . . . . . . . . . . . . . . . . 2 . . Missiles Intercepted . | . . . . . . . . . . . . . . . . . . . . . . . . . . . . . . . . . . . . Alert | -11 -10 -10 -9 -9 -9 -8 -8 -8 -8 -7 -7 -7 -7 -6 -6 -6 -6 -6 -6 -5 -5 -5 -5 -4 -4 -4 -4 -4 -3 -3 -3 -3 -2 -2 -1 ------- Run | Jun Mat Min Mat Min Exi Min Mat Gar Mat Fac Low Low Dat Pro Fac Ext Cet Arc Hub Fac Upp Upp War Pro Fac Upp Upp Zhi Pro Res Arm Lab Res Tes Acc Peak Influence 1630 | 10 6 66 329 151 . . 301 1221 792 1025 . . . . 222 194 401 327 240 207 . . . . 125 . . . . 254 222 . 108 1630 1112 Initial 1100 | . 6 1 21 114 . . . 146 594 222 . . . . 198 85 81 80 114 75 . . . . 12 . . . . . 133 . . 60 1100 Average 202 | 2 6 33 157 84 . . 124 693 595 408 . . . . 116 76 244 258 145 142 . . . . 48 . . . . 37 145 . 33 1591 1007 Maximum Alert Level 5 | . . . 1 . . . 1 4 3 3 . . . . 1 . 2 1 1 1 . . . . . . . . . 1 1 . . 5 4 Low Security (%) 70 | 100 100 100 65 100 . 100 78 5 . 39 . . . . 89 100 26 19 61 57 . . . . 100 . . . . 88 84 . 100 2 . Level 1 15 | . . . 34 . . . 21 12 . 24 . . . . 10 . 71 80 38 42 . . . . . . . . . 11 15 . . . . Level 2 6 | . . . . . . . . 42 81 8 . . . . . . 1 . . . . . . . . . . . . . . . . . 3 Level 3 5 | . . . . . . . . 24 17 27 . . . . . . . . . . . . . . . . . . . . . . . . 70 Level 4 1 | . . . . . . . . 14 . . . . . . . . . . . . . . . . . . . . . . . . . . 26 Level 5 . | . . . . . . . . . . . . . . . . . . . . . . . . . . . . . . . . . . . . High Security . | . . . . . . . . . . . . . . . . . . . . . . . . . . . . . . . . . . . . Max Security . | . . . . . . . . . . . . . . . . . . . . . . . . . . . . . . . . . . 98 . Squads Dispatched 46 | . . . 3 . . . 2 . 2 7 . . . 1 8 2 . . 4 2 . . . . 7 . . . . 3 3 . 1 . 1 Investigation 9 | . . . 2 . . . . . 1 . . . . . 2 . . . . 1 . . . . 1 . . . . 1 . . 1 . . Extermination 19 | . . . . . . . . . . 5 . . . . 4 . . . 2 1 . . . . 5 . . . . . 2 . . . . Reinforcement 13 | . . . 1 . . . 1 . 1 . . . . . 2 2 . . 1 . . . . . 1 . . . . 2 1 . . . 1 Assault 3 | . . . . . . . . . . 2 . . . 1 . . . . . . . . . . . . . . . . . . . . . Garrison 2 | . . . . . . . 1 . . . . . . . . . . . 1 . . . . . . . . . . . . . . . . Intercept . | . . . . . . . . . . . . . . . . . . . . . . . . . . . . . . . . . . . . Searches Triggered . | . . . . . . . . . . . . . . . . . . . . . . . . . . . . . . . . . . . . Data Miner Redirects 1 | . . . . . . . . . . . . . . . . . . . . . . . . . 1 . . . . . . . . . . Construction Impeded 2 | . . . . . . . . . . . . . . . . 1 . . 1 . . . . . . . . . . . . . . . . Haulers Reinforced . | . . . . . . . . . . . . . . . . . . . . . . . . . . . . . . . . . . . . Active Scanning Responses . | . . . . . . . . . . . . . . . . . . . . . . . . . . . . . . . . . . . . Cargo Convoy Interrupts . | . . . . . . . . . . . . . . . . . . . . . . . . . . . . . . . . . . . . Stealth | -11 -10 -10 -9 -9 -9 -8 -8 -8 -8 -7 -7 -7 -7 -6 -6 -6 -6 -6 -6 -5 -5 -5 -5 -4 -4 -4 -4 -4 -3 -3 -3 -3 -2 -2 -1 --------- Run | Jun Mat Min Mat Min Exi Min Mat Gar Mat Fac Low Low Dat Pro Fac Ext Cet Arc Hub Fac Upp Upp War Pro Fac Upp Upp Zhi Pro Res Arm Lab Res Tes Acc Distress Signals 34 | . . . 3 . . . 4 . 2 . . . . . 3 1 2 . . . . . 1 . 1 . . . . 5 . . 10 1 1 Communications Jammed 7 | . . . . . . . . . . . . . . . . . . . . . . . . . 1 . . . 2 . . . 4 . . Distress Signals 4 | . . . . . . . . . . . . . . . . . . . . . . . . . . . . . . . . . 4 . . Times Spotted 418 | . . 4 30 6 . . 26 34 12 32 1 11 . 14 29 32 17 15 10 9 10 9 1 4 22 . 3 . 6 17 10 . 40 9 5 Peak Tracking Total 31 | . . 2 6 4 . . 4 6 3 5 1 5 . 11 4 5 5 1 2 6 4 4 1 1 5 . 2 . 3 6 5 . 31 8 10 Tactical Retreats 21 | . . . . . . . . 2 . 2 . 3 . . . 1 . . . . . . . . 3 . . . . . . . 7 . 3 Traps | -11 -10 -10 -9 -9 -9 -8 -8 -8 -8 -7 -7 -7 -7 -6 -6 -6 -6 -6 -6 -5 -5 -5 -5 -4 -4 -4 -4 -4 -3 -3 -3 -3 -2 -2 -1 ------- Run | Jun Mat Min Mat Min Exi Min Mat Gar Mat Fac Low Low Dat Pro Fac Ext Cet Arc Hub Fac Upp Upp War Pro Fac Upp Upp Zhi Pro Res Arm Lab Res Tes Acc Traps Triggered 23 | . 1 . 2 . . . . 7 2 1 . . . . 2 1 . . . 1 . . 1 . . . . . 1 2 2 . . . . Indirectly . | . . . . . . . . . . . . . . . . . . . . . . . . . . . . . . . . . . . . Trap Hack Attempts . | . . . . . . . . . . . . . . . . . . . . . . . . . . . . . . . . . . . . Triggered . | . . . . . . . . . . . . . . . . . . . . . . . . . . . . . . . . . . . . Disarmed . | . . . . . . . . . . . . . . . . . . . . . . . . . . . . . . . . . . . . Reprogrammed . | . . . . . . . . . . . . . . . . . . . . . . . . . . . . . . . . . . . . Reused . | . . . . . . . . . . . . . . . . . . . . . . . . . . . . . . . . . . . . Traps Extracted . | . . . . . . . . . . . . . . . . . . . . . . . . . . . . . . . . . . . . Installed . | . . . . . . . . . . . . . . . . . . . . . . . . . . . . . . . . . . . . Triggered 12 | . . . . . . . . . . . . . . . . 1 . . . . 2 . 8 . . 1 . . . . . . . . . Machines | -11 -10 -10 -9 -9 -9 -8 -8 -8 -8 -7 -7 -7 -7 -6 -6 -6 -6 -6 -6 -5 -5 -5 -5 -4 -4 -4 -4 -4 -3 -3 -3 -3 -2 -2 -1 ---------- Run | Jun Mat Min Mat Min Exi Min Mat Gar Mat Fac Low Low Dat Pro Fac Ext Cet Arc Hub Fac Upp Upp War Pro Fac Upp Upp Zhi Pro Res Arm Lab Res Tes Acc Machines Disabled 72 | . . . 2 1 . . . 9 3 31 . . . 1 . 1 . 7 6 1 . . 1 . 1 . . . . . 5 1 2 . . Max in Single Turn 21 | . . . 1 . . . . 2 1 21 . . . 1 . 1 . 1 2 1 . . 1 . 1 . . . . . 1 1 1 . . Garrison Access 3 | . . . . . . . . . . . . . . . . . . . . . . . . . 1 . . . . . . . 1 . 1 Garrison Relay 4 | . . . . . . . . 4 . . . . . . . . . . . . . . . . . . . . . . . . . . . Phase Generator 1 | . . . . . . . . 1 . . . . . . . . . . . . . . . . . . . . . . . . . . . Network Hub 1 | . . . . . . . . . . . . . . . . . . . 1 . . . . . . . . . . . . . . . . Energy Cycler 1 | . . . . . . . . . . . . . . . . . . . . . . . . . . . . . . . 1 . . . . Machines Repaired . | . . . . . . . . . . . . . . . . . . . . . . . . . . . . . . . . . . . . Machines Sabotaged . | . . . . . . . . . . . . . . . . . . . . . . . . . . . . . . . . . . . . Overloaded Fab Kills . | . . . . . . . . . . . . . . . . . . . . . . . . . . . . . . . . . . . . Hacking | -11 -10 -10 -9 -9 -9 -8 -8 -8 -8 -7 -7 -7 -7 -6 -6 -6 -6 -6 -6 -5 -5 -5 -5 -4 -4 -4 -4 -4 -3 -3 -3 -3 -2 -2 -1 --------- Run | Jun Mat Min Mat Min Exi Min Mat Gar Mat Fac Low Low Dat Pro Fac Ext Cet Arc Hub Fac Upp Upp War Pro Fac Upp Upp Zhi Pro Res Arm Lab Res Tes Acc Machines Accessed 68 | . . 1 6 . 1 . 1 2 3 4 . 1 3 . 8 6 . . 4 1 . . 2 . 7 . . 4 . 2 4 2 2 . 4 Terminals 37 | . . . 5 . . . . 2 3 2 . . . . 3 6 . . 3 1 . . . . 4 . . . . . 4 . 1 . 3 Fabricators 5 | . . . . . . . . . . . . . . . 2 . . . . . . . . . 2 . . . . 1 . . . . . Repair Stations 3 | . . . 1 . . . . . . . . . . . 2 . . . . . . . . . . . . . . . . . . . . Recycling Units . | . . . . . . . . . . . . . . . . . . . . . . . . . . . . . . . . . . . . Scanalyzers 2 | . . . . . . . . . . 1 . . . . 1 . . . . . . . . . . . . . . . . . . . . Garrison Access 7 | . . . . . . . 1 . . 1 . . . . . . . . 1 . . . . . 1 . . . . 1 . . 1 . 1 Total Hacks 222 | . . 1 18 . 1 . 1 3 12 6 . 1 24 . 17 14 . . 9 5 . . 3 . 18 . . 17 . 4 12 20 5 . 31 Successful 131 | . . 1 11 . 1 . 1 1 4 4 . 1 24 . 11 4 . . 2 . . . 3 . 9 . . 17 . 1 2 20 2 . 12 Failed 91 | . . . 7 . . . . 2 8 2 . . . . 6 10 . . 7 5 . . . . 9 . . . . 3 10 . 3 . 19 Catastrophic 27 | . . . . . . . . 1 1 1 . . . . 2 4 . . 1 1 . . . . 2 . . . . 1 5 . . . 8 Database Lockouts . | . . . . . . . . . . . . . . . . . . . . . . . . . . . . . . . . . . . . Manual 86 | . . . 16 . 1 . . 1 12 3 . . . . 7 12 . . 5 . . . 1 . 8 . . . . 2 3 . 4 . 11 Terminals 120 | . . . 14 . . . . 3 12 3 . . . . 6 14 . . 7 5 . . . . 10 . . . . . 12 . 4 . 30 Fabricators 14 | . . . . . . . . . . . . . . . 6 . . . . . . . . . 5 . . . . 3 . . . . . Repair Stations 8 | . . . 4 . . . . . . . . . . . 4 . . . . . . . . . . . . . . . . . . . . Recycling Units . | . . . . . . . . . . . . . . . . . . . . . . . . . . . . . . . . . . . . Scanalyzers 3 | . . . . . . . . . . 2 . . . . 1 . . . . . . . . . . . . . . . . . . . . Garrison Access 10 | . . . . . . . 1 . . 1 . . . . . . . . 2 . . . . . 3 . . . . 1 . . 1 . 1 Terminal Hacks 93 | . . 1 5 . 1 . . 1 2 1 . 1 24 . 1 2 . . 1 . . . 3 . 2 . . 17 . . 2 20 . . 9 Record 35 | . . . . . . . . . . . . . 6 . . . . . . . . . 2 . . . . 5 . . 1 20 . . 1 Part Schematic 13 | . . . . . . . . . . . . . 9 . . . . . . . . . . . . . . 4 . . . . . . . Robot Schematic 6 | . . . . . . . . . . . . . 6 . . . . . . . . . . . . . . . . . . . . . . Robot Analysis 7 | . . . 3 . . . . . . . . . . . . . . . . . . . . . . . . 4 . . . . . . . Prototype ID Bank 8 | . . . . . . . . . . . . . 3 . . 1 . . . . . . . . . . . 4 . . . . . . . Open Door 4 | . . 1 . . . . . . . . . 1 . . . . . . . . . . 1 . . . . . . . . . . . 1 Open DSF 1 | . . . . . . . . . . . . . . . . . . . . . . . . . 1 . . . . . . . . . . Level Access Points 1 | . . . . . . . . . . . . . . . . . . . . . . . . . . . . . . . . . . . 1 Branch Access Points 4 | . . . 1 . . . . . . 1 . . . . 1 . . . . . . . . . 1 . . . . . . . . . . Alert Level 4 | . . . . . . . . . . . . . . . . . . . 1 . . . . . . . . . . . 1 . . . 2 Unreport Threat 6 | . . . . . . . . . 2 . . . . . . . . . . . . . . . . . . . . . . . . . 4 Locate Traps 1 | . . . . . . . . . . . . . . . . 1 . . . . . . . . . . . . . . . . . . . Zone Layout 1 | . . . 1 . . . . . . . . . . . . . . . . . . . . . . . . . . . . . . . . Patrol Navigation 1 | . . . . . . . . 1 . . . . . . . . . . . . . . . . . . . . . . . . . . . EX-Prototype ID Bank 1 | . . . . . 1 . . . . . . . . . . . . . . . . . . . . . . . . . . . . . . Fabricator Hacks 8 | . . . . . . . . . . . . . . . 4 . . . . . . . . . 3 . . . . 1 . . . . . Network Status 2 | . . . . . . . . . . . . . . . 1 . . . . . . . . . . . . . . 1 . . . . . Load Schematic 4 | . . . . . . . . . . . . . . . 2 . . . . . . . . . 2 . . . . . . . . . . Build 2 | . . . . . . . . . . . . . . . 1 . . . . . . . . . 1 . . . . . . . . . . Repair Station Hacks 6 | . . . 4 . . . . . . . . . . . 2 . . . . . . . . . . . . . . . . . . . . Scan Component 3 | . . . 2 . . . . . . . . . . . 1 . . . . . . . . . . . . . . . . . . . . Repair 3 | . . . 2 . . . . . . . . . . . 1 . . . . . . . . . . . . . . . . . . . . Recycling Unit Hacks . | . . . . . . . . . . . . . . . . . . . . . . . . . . . . . . . . . . . . Scanalyzer 2 | . . . . . . . . . . 2 . . . . . . . . . . . . . . . . . . . . . . . . . Insert Component 1 | . . . . . . . . . . 1 . . . . . . . . . . . . . . . . . . . . . . . . . Analyze 1 | . . . . . . . . . . 1 . . . . . . . . . . . . . . . . . . . . . . . . . Garrison Access Hacks 4 | . . . . . . . 1 . . . . . . . . . . . . . . . . . 1 . . . . . . . 1 . 1 Unlock Access 1 | . . . . . . . 1 . . . . . . . . . . . . . . . . . . . . . . . . . . . . Seal Access 3 | . . . . . . . . . . . . . . . . . . . . . . . . . 1 . . . . . . . 1 . 1 Unauthorized Hacks 18 | . . . 2 . . . . . 2 1 . . . . 4 2 . . 1 . . . . . 3 . . . . . . . 1 . 2 Terminals 15 | . . . 2 . . . . . 2 1 . . . . 2 2 . . 1 . . . . . 2 . . . . . . . 1 . 2 Botnet 15 | . . . 2 . . . . . 2 1 . . . . 2 2 . . 1 . . . . . 2 . . . . . . . 1 . 2 Fabricators 3 | . . . . . . . . . . . . . . . 2 . . . . . . . . . 1 . . . . . . . . . . Liberate 1 | . . . . . . . . . . . . . . . 1 . . . . . . . . . . . . . . . . . . . . Recompile 2 | . . . . . . . . . . . . . . . 1 . . . . . . . . . 1 . . . . . . . . . . Repair Stations . | . . . . . . . . . . . . . . . . . . . . . . . . . . . . . . . . . . . . Recycling Units . | . . . . . . . . . . . . . . . . . . . . . . . . . . . . . . . . . . . . Scanalyzers . | . . . . . . . . . . . . . . . . . . . . . . . . . . . . . . . . . . . . Garrison Access . | . . . . . . . . . . . . . . . . . . . . . . . . . . . . . . . . . . . . Data Cores Recovered . | . . . . . . . . . . . . . . . . . . . . . . . . . . . . . . . . . . . . Used . | . . . . . . . . . . . . . . . . . . . . . . . . . . . . . . . . . . . . Hacking Detections 47 | . . . 7 . . . 1 2 3 4 . . . . 5 6 . . 4 1 . . . . 5 . . . . 2 4 . 1 . 2 Full Trace Events 2 | . . . 1 . . . . . . . . . . . . . . . . 1 . . . . . . . . . . . . . . . Feedback Events . | . . . . . . . . . . . . . . . . . . . . . . . . . . . . . . . . . . . . Feedback Blocked . | . . . . . . . . . . . . . . . . . . . . . . . . . . . . . . . . . . . . Robot Schematics Acquired 6 | . . . . . . . . . . . . . 6 . . . . . . . . . . . . . . . . . . . . . . Robots Built . | . . . . . . . . . . . . . . . . . . . . . . . . . . . . . . . . . . . . Authchips . | . . . . . . . . . . . . . . . . . . . . . . . . . . . . . . . . . . . . Time . | . . . . . . . . . . . . . . . . . . . . . . . . . . . . . . . . . . . . Total Robot Build Rating . | . . . . . . . . . . . . . . . . . . . . . . . . . . . . . . . . . . . . Part Schematics Acquired 14 | . . . . . . . . . . 1 . . 9 . . . . . . . . . . . . . . 4 . . . . . . . Parts Built 2 | . . . . . . . . . . . . . . . 2 . . . . . . . . . . . . . . . . . . . . Authchips 2 | . . . . . . . . . . . . . . . 1 . . . . . . . . . 1 . . . . . . . . . . Time 131 | . . . . . . . . . . . . . . . 58 . . . . . . . . . 73 . . . . . . . . . . Total Part Build Rating 14 | . . . . . . . . . . . . . . . 14 . . . . . . . . . . . . . . . . . . . . Parts Repaired 3 | . . . 2 . . . . . . . . . . . 1 . . . . . . . . . . . . . . . . . . . . Time 71 | . . . 52 . . . . . . . . . . . 19 . . . . . . . . . . . . . . . . . . . . Parts Recycled . | . . . . . . . . . . . . . . . . . . . . . . . . . . . . . . . . . . . . Recycled Matter . | . . . . . . . . . . . . . . . . . . . . . . . . . . . . . . . . . . . . Retrieved Matter . | . . . . . . . . . . . . . . . . . . . . . . . . . . . . . . . . . . . . Retrieved Components . | . . . . . . . . . . . . . . . . . . . . . . . . . . . . . . . . . . . . Parts Scanalyzed 1 | . . . . . . . . . . 1 . . . . . . . . . . . . . . . . . . . . . . . . . Part Schematics Acquired 1 | . . . . . . . . . . 1 . . . . . . . . . . . . . . . . . . . . . . . . . Parts Damaged . | . . . . . . . . . . . . . . . . . . . . . . . . . . . . . . . . . . . . Bothacking | -11 -10 -10 -9 -9 -9 -8 -8 -8 -8 -7 -7 -7 -7 -6 -6 -6 -6 -6 -6 -5 -5 -5 -5 -4 -4 -4 -4 -4 -3 -3 -3 -3 -2 -2 -1 ------------ Run | Jun Mat Min Mat Min Exi Min Mat Gar Mat Fac Low Low Dat Pro Fac Ext Cet Arc Hub Fac Upp Upp War Pro Fac Upp Upp Zhi Pro Res Arm Lab Res Tes Acc Used RIF Installer . | . . . . . . . . . . . . . . . . . . . . . . . . . . . . . . . . . . . . Robots Hacked 1 | . . . . . . . . . . . . . . . . . . . . . . . . . . . . . . . . . 1 . . Non-combat . | . . . . . . . . . . . . . . . . . . . . . . . . . . . . . . . . . . . . Combat 1 | . . . . . . . . . . . . . . . . . . . . . . . . . . . . . . . . . 1 . . Robot Hacks Applied 1 | . . . . . . . . . . . . . . . . . . . . . . . . . . . . . . . . . 1 . . parse_system 1 | . . . . . . . . . . . . . . . . . . . . . . . . . . . . . . . . . 1 . . Manual 1 | . . . . . . . . . . . . . . . . . . . . . . . . . . . . . . . . . 1 . . Relay Couplers Released 19 | . . . . . . . . 16 . . . . . . . . . . . . . . . . . . . . . 3 . . . . . Machine Destruction 16 | . . . . . . . . 16 . . . . . . . . . . . . . . . . . . . . . . . . . . . Programmers 3 | . . . . . . . . . . . . . . . . . . . . . . . . . . . . . . 3 . . . . . Fabnet Peak Effective % . | . . . . . . . . . . . . . . . . . . . . . . . . . . . . . . . . . . . . Robots Rewired 17 | . . . . . . . . . . . . . . 1 . 16 . . . . . . . . . . . . . . . . . . . Allies Hacked . | . . . . . . . . . . . . . . . . . . . . . . . . . . . . . . . . . . . . Hacks Repelled . | . . . . . . . . . . . . . . . . . . . . . . . . . . . . . . . . . . . . Allies | -11 -10 -10 -9 -9 -9 -8 -8 -8 -8 -7 -7 -7 -7 -6 -6 -6 -6 -6 -6 -5 -5 -5 -5 -4 -4 -4 -4 -4 -3 -3 -3 -3 -2 -2 -1 -------- Run | Jun Mat Min Mat Min Exi Min Mat Gar Mat Fac Low Low Dat Pro Fac Ext Cet Arc Hub Fac Upp Upp War Pro Fac Upp Upp Zhi Pro Res Arm Lab Res Tes Acc Total Allies 36 | . . . . 4 . . . 2 . . . . . 2 3 20 . . . . . . . . . . . . . . . . 5 . . Largest Group 8 | . . . . 4 . . . 2 2 . . . . 1 3 8 3 . . . . . . . . . . . . . . . 2 . . Highest-Rated Group 261 | . . . . 71 . . . 62 62 . . . . 96 87 261 90 . . . . . . . . . . . . . . . 192 . . Highest-Rated Ally 159 | . . . . 31 . . . 31 31 . . . . 96 29 159 39 . . . . . . . . . . . . . . . 96 . . Total Orders 1 | . . . . . . . . . . . . . . . . . 1 . . . . . . . . . . . . . . . . . . STAY 1 | . . . . . . . . . . . . . . . . . 1 . . . . . . . . . . . . . . . . . . Ally Attacks 264 | . . . . 30 . . . 13 28 . . . . 5 14 127 29 . . . . . . . . . . . . . . . 18 . . Total Damage 5996 | . . . . 325 . . . 206 395 . . . . 95 191 3220 469 . . . . . . . . . . . . . . . 1095 . . Kills 34 | . . . . 5 . . . 3 3 . . . . 2 2 15 4 . . . . . . . . . . . . . . . . . . Allies Corrupted . | . . . . . . . . . . . . . . . . . . . . . . . . . . . . . . . . . . . . Allies Melted 3 | . . . . . . . . . . . . . . 1 . 1 . . . . . . . . . . . . . . . . 1 . . Intel | -11 -10 -10 -9 -9 -9 -8 -8 -8 -8 -7 -7 -7 -7 -6 -6 -6 -6 -6 -6 -5 -5 -5 -5 -4 -4 -4 -4 -4 -3 -3 -3 -3 -2 -2 -1 ------- Run | Jun Mat Min Mat Min Exi Min Mat Gar Mat Fac Low Low Dat Pro Fac Ext Cet Arc Hub Fac Upp Upp War Pro Fac Upp Upp Zhi Pro Res Arm Lab Res Tes Acc Robot Analysis Total 7 | . . . 3 . . . . . . . . . . . . . . . . . . . . . . . . 4 . . . . . . . Derelict Logs Recovered 10 | . . 1 . . . . . . . . 1 2 . 1 . . . . . . 2 1 . 1 . 1 . . . . . . . . . Drone Launches . | . . . . . . . . . . . . . . . . . . . . . . . . . . . . . . . . . . . . Drone Recoveries . | . . . . . . . . . . . . . . . . . . . . . . . . . . . . . . . . . . . . Exploration | -11 -10 -10 -9 -9 -9 -8 -8 -8 -8 -7 -7 -7 -7 -6 -6 -6 -6 -6 -6 -5 -5 -5 -5 -4 -4 -4 -4 -4 -3 -3 -3 -3 -2 -2 -1 ------------- Run | Jun Mat Min Mat Min Exi Min Mat Gar Mat Fac Low Low Dat Pro Fac Ext Cet Arc Hub Fac Upp Upp War Pro Fac Upp Upp Zhi Pro Res Arm Lab Res Tes Acc Turns Passed 30947 | 88 336 746 1523 854 532 113 1292 1567 530 2323 1168 1075 218 760 2542 2480 497 382 844 780 896 907 1090 335 2099 325 448 357 936 1181 584 577 312 50 200 Spaces Moved 13708 | 50 135 287 573 330 222 48 443 531 185 820 454 394 88 291 862 859 159 118 382 400 400 443 621 196 836 197 245 198 381 524 404 275 522 203 632 Core 8 | 8 . . . . . . . . . . . . . . . . . . . . . . . . . . . . . . . . . . . Treads 11028 | . 46 287 471 330 222 48 443 531 185 820 454 394 88 291 862 859 159 118 382 400 400 443 620 196 836 197 245 198 381 122 . . . . . Legs 1297 | 42 89 . . . . . . . . . . . . . . . . . . . . . 1 . . . . . . 402 404 275 84 . . Wheels 102 | . . . 102 . . . . . . . . . . . . . . . . . . . . . . . . . . . . . . . . Hover . | . . . . . . . . . . . . . . . . . . . . . . . . . . . . . . . . . . . . Flight 1273 | . . . . . . . . . . . . . . . . . . . . . . . . . . . . . . . . . 438 203 632 Fastest Speed 22 | 50 120 240 155 240 240 240 240 240 240 243 243 243 243 243 235 235 155 160 160 160 160 160 162 162 162 165 165 164 164 120 120 120 24 24 22 Average Speed 189 | 110 239 240 204 240 240 240 240 240 245 248 243 243 243 243 239 240 211 160 160 160 160 180 168 162 202 165 165 164 205 191 120 120 42 24 23 Slowest Speed 400 | 120 260 240 320 240 240 240 240 240 250 250 243 243 243 243 325 241 241 160 160 160 160 245 310 162 245 165 165 165 326 400 190 120 190 26 98 Overloaded Moves . | . . . . . . . . . . . . . . . . . . . . . . . . . . . . . . . . . . . . Propulsion Burnouts . | . . . . . . . . . . . . . . . . . . . . . . . . . . . . . . . . . . . . Robots Hopped 25 | . . . . . . . . . . . . . . . . . . . . . . . . . . . . . . . . . 1 6 18 Cave-ins Triggered 2 | . . . . . . . . . . . . . . . . . . . . . 1 . . . 1 . . . . . . . . . . Teleports 2 | . . . . . . . . . . . . . . . . . . . . . . . . . . . . . . . 1 1 . . . Exploration Rate (%) 45 | 5 33 72 60 56 62 14 38 70 22 19 60 54 70 56 22 88 56 79 35 12 57 56 85 42 17 43 46 60 54 16 26 94 24 33 19 Regions Visited 35 Branch Regions 23 Pre-discovered Areas 9 | . . . . . . . . . . . 2 1 1 . . . . . . . . . . 1 . 1 . 3 . . . . . . . Known Exits Taken 20 | . . . 1 . . . 1 . . 1 1 1 1 1 1 1 1 1 1 1 1 1 1 1 1 . . . 1 1 . . . . . Unknown Exits Taken 14 | 1 1 1 . 1 1 1 . . 1 . . . . . . . . . . . . . . . . 1 1 1 . . 1 1 1 1 . Scrap Searched 26 | . . 1 . 1 . 1 . . . . 7 2 . 2 . . . . . . 3 2 . 1 . 1 2 . 3 . . . . . . Spaces Dug 74 | . . . . . . . 1 . . 7 2 1 . . 16 . . . 1 1 8 . . . 10 . . . 2 3 5 . 4 . 13 Terrain Destroyed 736 | . . . . 2 1 . 9 54 20 126 9 1 . 47 31 28 16 9 189 33 38 10 . . 30 . . 1 13 7 33 . 11 . 18 Melee 15 | . . . . . . . . . . 3 . 1 . . 6 . . . 1 1 . . . . . . . . 1 2 . . . . . Projectile 263 | . . . . 2 1 . 9 1 20 36 9 . . . 1 28 16 9 16 3 25 1 . . 30 . . 1 12 5 11 . 9 . 18 AOE 458 | . . . . . . . . 53 . 87 . . . 47 24 . . . 172 29 13 9 . . . . . . . . 22 . 2 . . Terrain Rammed . | . . . . . . . . . . . . . . . . . . . . . . . . . . . . . . . . . . . . Walls Destroyed . | . . . . . . . . . . . . . . . . . . . . . . . . . . . . . . . . . . . . Machines Disabled . | . . . . . . . . . . . . . . . . . . . . . . . . . . . . . . . . . . . . Actions | -11 -10 -10 -9 -9 -9 -8 -8 -8 -8 -7 -7 -7 -7 -6 -6 -6 -6 -6 -6 -5 -5 -5 -5 -4 -4 -4 -4 -4 -3 -3 -3 -3 -2 -2 -1 --------- Run | Jun Mat Min Mat Min Exi Min Mat Gar Mat Fac Low Low Dat Pro Fac Ext Cet Arc Hub Fac Upp Upp War Pro Fac Upp Upp Zhi Pro Res Arm Lab Res Tes Acc Total 17102 | 69 145 315 802 364 223 47 570 689 232 988 498 465 93 321 1247 1141 243 249 561 499 588 518 674 212 1107 197 272 229 478 654 465 519 587 197 644 Wait 1700 | 2 . 10 96 14 . . 40 59 15 59 19 41 . 3 264 33 22 72 146 60 132 46 . 14 156 . 15 . 56 75 17 212 22 . . Move 13627 | 49 134 286 572 329 221 47 442 530 184 819 453 393 87 290 861 858 158 117 381 399 399 442 620 195 834 196 244 197 380 523 403 274 519 192 599 Hop 19 | . . . . . . . . . . . . . . . . . . . . . . . . . . . . . . . . . 1 4 14 Pick Up 165 | 7 3 2 24 1 1 . 11 6 4 9 1 2 . . 13 13 4 7 1 2 2 2 11 . 11 . 2 5 2 5 6 6 1 . 1 Fast Attach 115 | 6 3 1 9 2 . . 1 1 . 1 . . 3 . 1 . 3 4 2 4 1 1 12 . 10 . . 8 . 12 8 7 8 . 7 Attach 74 | . . . 5 . . . 2 8 . 6 . . . . 7 5 2 3 . . 2 2 1 . 9 1 . 4 2 1 3 6 4 . 1 Detach 12 | . . . . . . . . . . . . . . . . . . . . . . . 3 . . . . 1 . 1 1 2 1 . 3 Swap 208 | . 2 . 8 1 . . 4 6 4 23 5 6 . 4 33 23 10 7 4 9 14 11 2 2 10 . 2 . 5 2 3 . 8 . . Drop 213 | . 2 1 19 2 1 . 13 4 10 12 3 2 3 . 11 17 10 10 3 6 1 . 25 . 16 . 1 11 3 6 4 8 7 1 1 Fire 752 | 5 . 15 63 12 . . 52 63 13 49 17 20 . 14 36 60 34 29 23 18 37 14 . . 60 . 8 . 29 23 20 4 16 . 18 Melee 34 | . . . . . . . . . . 3 . 1 . . 17 . . . 1 1 . . . 1 . . . 3 1 6 . . . . . Ram . | . . . . . . . . . . . . . . . . . . . . . . . . . . . . . . . . . . . . Kick . | . . . . . . . . . . . . . . . . . . . . . . . . . . . . . . . . . . . . Crush 28 | . 1 . 6 3 . . 5 . 2 5 . . . . 4 2 . . . . . . . . . . . . . . . . . . . Escape Stasis 17 | . . . . . . . . 12 . 2 . . . . . 2 . . . . . . . . 1 . . . . . . . . . . Rewire 138 | . . . . . . . . . . . . . . 10 . 128 . . . . . . . . . . . . . . . . . . . Trap . | . . . . . . . . . . . . . . . . . . . . . . . . . . . . . . . . . . . . Miscellaneous . | . . . . . . . . . . . . . . . . . . . . . . . . . . . . . . . . . . . . Route ------- -11/Junkyard -10/Materials -10/Mines -9/Materials (discovered 3 exits: *Mat / *Min x2) -9/Mines (discovered 3 exits: *Mat x2 / *Exi) -9/Exiles -8/Mines -8/Materials (discovered 2 exits: [*Sto] / Gar) -8/Garrison (discovered 2 exits: *Mat x2) -8/Materials -7/Factory (discovered 4 exits: *Fac x2 / *Low x2) -7/Lower Caves -7/Lower Caves -7/Data Miner -6/Proximity Caves -6/Factory (discovered 4 exits: Low x2 / *Ext x2) -6/Extension (discovered 2 exits: *Fac / *Cet) -6/Cetus (discovered 2 exits: *Fac / *Arc) -6/Archives (discovered 3 exits: *Fac / *Hub x2) -6/Hub_04(d) -5/Factory (discovered 2 exits: *Fac / *Upp) -5/Upper Caves -5/Upper Caves (discovered 2 exits: *Fac / *War) -5/Warlord -4/Proximity Caves -4/Factory (discovered 3 exits: Res / *Upp x2) -4/Upper Caves -4/Upper Caves (discovered 2 exits: *Res / *Zhi) -4/Zhirov -3/Proximity Caves -3/Research -3/Armory -3/Lab -2/Research -2/Testing -1/Access To Epsilon Eridani History --------- Turn | Location | Event 13 | -11/Junkyard | Discovered new exit (range 15) 89 | -11/Junkyard | Entered Materials 310 | -10/Materials | Build established: Mutant 403 | -10/Materials | Discovered new exit (range 10) 425 | -10/Materials | Entered Mines 751 | -10/Mines | Found the Drone Emporium 764 | -10/Mines | Found Prototype Device 981 | -10/Mines | Learned 2 Materials zone layouts 1046 | -10/Mines | Found a hidden stash of uninstalled traps 1140 | -10/Mines | Discovered new exit (range 13) 1171 | -10/Mines | Entered Materials 1171 | -9/Materials | Evolved 2 slots: Propulsion x1, Weapon x1 1487 | -9/Materials | Build established: Gunner 1625 | -9/Materials | Discovered new exit (range 17) 1884 | -9/Materials | Repaired Assault Rifle 1912 | -9/Materials | Repaired Lgt. Treads 2357 | -9/Materials | Identified exit to Mines 2694 | -9/Materials | Entered Mines 2704 | -9/Mines | Received a Rocket Launcher from a helpful Derelict 3070 | -9/Mines | A weapon hastily lodged in a ceiling crevice suddenly fell to the ground 3108 | -9/Mines | Discovered new exit (range 10) 3144 | -9/Mines | Assisted by bots powering up and referring to "LRC-V3" 3269 | -9/Mines | Received a Mining Laser from a helpful Derelict 3350 | -9/Mines | Discovered new exit (range 6) 3383 | -9/Mines | Build established: Scavenger-Gunner 3533 | -9/Mines | Deemed a non-threat by the Exiles lab entrance 3533 | -9/Mines | Discovered new exit (range 5) 3548 | -9/Mines | Entered Exiles 3608 | -9/Exiles | Met 8R-AWN 3642 | -9/Exiles | Met EX-HEX 3716 | -9/Exiles | Met EX-BIN 3750 | -9/Exiles | Aligned with FarCom system 3752 | -9/Exiles | Given EX-Vault access code 3808 | -9/Exiles | Opened EX-Vault 3825 | -9/Exiles | Found Longsword +1 3876 | -9/Exiles | Warned to stay clear of 0b10 Research branches 3953 | -9/Exiles | Met EX-DEC 4044 | -9/Exiles | Discovered new exit (range 14) 4080 | -9/Exiles | Left Exiles lab with Longsword +1 4080 | -9/Exiles | Entered Mines 4164 | -8/Mines | Discovered new exit (range 12) 4193 | -8/Mines | Entered Materials 4193 | -8/Materials | Evolved 2 slots: Propulsion x1, Utility x1 4220 | -8/Materials | Discovered new exit (range 11) 4386 | -8/Materials | Build established: Scavenger-Skirmisher 5077 | -8/Materials | Destroyed 7 combat bots 5431 | -8/Materials | Garrison activated, responded to threat 5483 | -8/Materials | Identified exit to Garrison 5485 | -8/Materials | Entered Garrison 5526 | -8/Garrison | Garrison Relay disabled 5568 | -8/Garrison | Triggered checkpoint 5640 | -8/Garrison | Garrison Relay disabled 5745 | -8/Garrison | Triggered checkpoint 6185 | -8/Garrison | Lost 5 parts (2n1u2w) 6285 | -8/Garrison | Discovered new exit (range 14) 6418 | -8/Garrison | Triggered checkpoint 6522 | -8/Garrison | Garrison Relay disabled 6548 | -8/Garrison | Phase Generator disabled 6629 | -8/Garrison | Rescued a captive Derelict 6643 | -8/Garrison | Rescued a captive Derelict 6796 | -8/Garrison | Build established: Skirmisher 6812 | -8/Garrison | Triggered checkpoint 6895 | -8/Garrison | Discovered new exit (range 10) 6958 | -8/Garrison | Triggered checkpoint 6994 | -8/Garrison | Garrison Relay disabled 7052 | -8/Garrison | Entered Materials 7052 | -8/Materials | Accompanied by 2 allies 7572 | -8/Materials | Discovered new exit (range 3) 7582 | -8/Materials | Entered Factory 7582 | -7/Factory | Evolved 2 slots: Utility x2 7824 | -7/Factory | Discovered new exit (range 16) 7902 | -7/Factory | Identified exit to Factory 7966 | -7/Factory | Build established: Tank 8335 | -7/Factory | Discovered exit to Factory (range 15) 9115 | -7/Factory | Destroyed 8 combat bots 9182 | -7/Factory | First assault squad dispatched 9670 | -7/Factory | Identified exit to Lower Caves 9905 | -7/Factory | Entered Lower Caves 9913 | -7/Lower Caves | Met a Warlord Commander 9914 | -7/Lower Caves | Learned location of Warlord (-5) 9922 | -7/Lower Caves | Found Encrypted Comm Array 10215 | -7/Lower Caves | Build established: Skirmisher 10913 | -7/Lower Caves | Discovered new exit (range 13) 11057 | -7/Lower Caves | Build established: Mutant 11069 | -7/Lower Caves | Identified exit to Lower Caves 11073 | -7/Lower Caves | Entered another Lower Caves area 11145 | -7/Lower Caves | Encountered a Warlord checkpoint 11358 | -7/Lower Caves | Build established: Skirmisher 11562 | -7/Lower Caves | Spotted B-75 Beast 11651 | -7/Lower Caves | Attracted the attention of an 0b10 checkpoint 12056 | -7/Lower Caves | Discovered new exit (range 5) 12066 | -7/Lower Caves | Identified exit to Data Miner 12117 | -7/Lower Caves | Learned Factory interactive machine intel 12148 | -7/Lower Caves | Entered Data Miner 12148 | -7/Data Miner | Discovered new exit (range 6) 12158 | -7/Data Miner | Identified exit to Proximity Caves 12196 | -7/Data Miner | Met Data Miner 12254 | -7/Data Miner | Learned location of Section 7 (-2) 12254 | -7/Data Miner | Acquired the access code to Warlord's prototype stash 12284 | -7/Data Miner | Received God Mode back door access code from Data Miner 12366 | -7/Data Miner | Entered Proximity Caves 12450 | -6/Proximity Caves | Learned Factory emergency access door positions 12564 | -6/Proximity Caves | Escorted by Enhanced Grunt 12978 | -6/Proximity Caves | Discovered exit to Factory (range 13) 12997 | -6/Proximity Caves | Attracted the attention of an 0b10 outpost 13044 | -6/Proximity Caves | Destroyed 13 combat bots 13126 | -6/Proximity Caves | Entered Factory 13126 | -6/Factory | Accompanied by 1 ally 13126 | -6/Factory | Evolved 2 slots: Power x1, Utility x1 13128 | -6/Factory | Loaded intel: 52 interactive machine locations 13655 | -6/Factory | Build established: Mutant 14408 | -6/Factory | Build established: Scavenger-Tank 14478 | -6/Factory | Identified exit to Lower Caves 14478 | -6/Factory | Identified exit to Extension 14899 | -6/Factory | Repaired Arm. Treads 15058 | -6/Factory | Fabricated Dispersion Rifle (x2) 15427 | -6/Factory | Build established: Scavenger-Mutant 15668 | -6/Factory | Entered Extension 15730 | -6/Extension | Build established: Scavenger-Skirmisher 16243 | -6/Extension | Rescued a captive Derelict 16380 | -6/Extension | Rescued A7 17044 | -6/Extension | Spotted B-75 Beast 17060 | -6/Extension | Allies destroyed B-75 Beast 17088 | -6/Extension | Spotted B-75 Beast 17102 | -6/Extension | Destroyed B-75 Beast 17351 | -6/Extension | Rescued a captive Derelict 17351 | -6/Extension | Rescued a captive Derelict 17495 | -6/Extension | Extracted ID and sensor layout for unrecognized location from A7's data core 18073 | -6/Extension | Discovered new exit (range 10) 18075 | -6/Extension | Discovered new exit (range 6) 18114 | -6/Extension | Identified exit to Cetus 18148 | -6/Extension | Entered Cetus 18148 | -6/Cetus | Accompanied by 3 allies 18179 | -6/Cetus | Spotted Cetus Guard 18179 | -6/Cetus | Spotted Cetus Guard 18181 | -6/Cetus | Spotted Cetus Guard 18181 | -6/Cetus | Spotted Cetus Guard 18183 | -6/Cetus | Allies destroyed Cetus Guard 18186 | -6/Cetus | Destroyed Cetus Guard 18189 | -6/Cetus | Allies destroyed Cetus Guard 18197 | -6/Cetus | Allies destroyed Cetus Guard 18414 | -6/Cetus | Discovered new exit (range 15) 18455 | -6/Cetus | Spotted Cetus Guard 18455 | -6/Cetus | Spotted Cetus Guard 18468 | -6/Cetus | Destroyed Cetus Guard 18468 | -6/Cetus | Spotted Cetus Guard 18474 | -6/Cetus | Destroyed Cetus Guard 18475 | -6/Cetus | Spotted Cetus Guard 18478 | -6/Cetus | Destroyed Cetus Guard 18487 | -6/Cetus | Destroyed Cetus Guard 18554 | -6/Cetus | Discovered new exit (range 15) 18562 | -6/Cetus | Lost 3 parts (1p2u) 18563 | -6/Cetus | Met Revision 17 18644 | -6/Cetus | Identified exit to Archives 18645 | -6/Cetus | Entered Archives 18739 | -6/Archives | Discovered new exit (range 15) 18761 | -6/Archives | Discovered new exit (range 16) 18775 | -6/Archives | Discovered new exit (range 16) 19026 | -6/Archives | Identified exit to Hub_04(d) 19027 | -6/Archives | Entered Hub_04(d) 19390 | -6/Hub_04(d) | Build established: Scavenger-Tank 19773 | -6/Hub_04(d) | Discovered new exit (range 5) 19782 | -6/Hub_04(d) | Identified exit to Factory 19832 | -6/Hub_04(d) | Network Hub disabled 19861 | -6/Hub_04(d) | Garrison activated, responded to threat 19871 | -6/Hub_04(d) | Entered Factory 19871 | -5/Factory | Evolved 2 slots: Propulsion x2 20062 | -5/Factory | Discovered new exit (range 8) 20094 | -5/Factory | Identified exit to Factory 20568 | -5/Factory | Discovered new exit (range 6) 20579 | -5/Factory | Identified exit to Upper Caves 20651 | -5/Factory | Entered Upper Caves 20805 | -5/Upper Caves | Crushed by falling debris 20819 | -5/Upper Caves | System corruption reached 10% 20864 | -5/Upper Caves | Lost 3 parts (1p1n1u) 21126 | -5/Upper Caves | Learned 4 Factory zone layouts 21410 | -5/Upper Caves | Attracted the attention of an 0b10 checkpoint 21493 | -5/Upper Caves | Discovered new exit (range 15) 21518 | -5/Upper Caves | Learned location of 1 exit from Factory 21542 | -5/Upper Caves | Identified exit to Upper Caves 21547 | -5/Upper Caves | Entered another Upper Caves area 21572 | -5/Upper Caves | Encountered a Warlord checkpoint 21611 | -5/Upper Caves | Lost 3 parts (1p1n1w) 21703 | -5/Upper Caves | Discovered exit to Factory (range 3) 21925 | -5/Upper Caves | Build established: Scavenger-Skirmisher 22390 | -5/Upper Caves | Discovered new exit (range 8) 22451 | -5/Upper Caves | Identified exit to Warlord 22454 | -5/Upper Caves | Entered Warlord 22673 | -5/Warlord | Received a Watcher feed algorithm from an ecstatic Tinkerer 22965 | -5/Warlord | Visited the Vortex Lab 22978 | -5/Warlord | Warlord's base attacked by MAIN.C 22978 | -5/Warlord | Found Prototype Energy Cannon 22981 | -5/Warlord | Found Prototype Energy Cannon 22998 | -5/Warlord | Build established: Scavenger-Assassin 23072 | -5/Warlord | Met Warlord 23086 | -5/Warlord | Opened Warlord's prototype stash 23097 | -5/Warlord | Found Prototype Device 23097 | -5/Warlord | Identified Thermal Barrier 23100 | -5/Warlord | Found Prototype Processor 23100 | -5/Warlord | Identified Exp. Target Analyzer 23118 | -5/Warlord | Found Prototype Processor 23118 | -5/Warlord | Identified Exp. Targeting Computer 23141 | -5/Warlord | Found Prototype Hackware 23164 | -5/Warlord | Found Prototype Reactor 23328 | -5/Warlord | Warlord forces counterattacked 23506 | -5/Warlord | Spotted Executioner 23527 | -5/Warlord | Discovered new exit (range 12) 23542 | -5/Warlord | Identified exit to Proximity Caves 23544 | -5/Warlord | Entered Proximity Caves 23844 | -4/Proximity Caves | Discovered exit to Factory (range 14) 23879 | -4/Proximity Caves | Entered Factory 23879 | -4/Factory | Evolved 2 slots: Utility x2 23880 | -4/Factory | Identified exit to Research 23979 | -4/Factory | Incoming investigation squad redirected 24307 | -4/Factory | Build established: Scavenger-Skirmisher 25126 | -4/Factory | Build established: Scavenger-Tank 25340 | -4/Factory | System corruption reached 10% 25694 | -4/Factory | Identified exit to Upper Caves 25974 | -4/Factory | Crushed by falling debris 25978 | -4/Factory | Entered Upper Caves 25993 | -4/Upper Caves | Learned location of Armory (-3) 26020 | -4/Upper Caves | Encountered a Warlord checkpoint 26296 | -4/Upper Caves | Discovered new exit (range 5) 26303 | -4/Upper Caves | Entered another Upper Caves area 26364 | -4/Upper Caves | Discovered exit to Research (range 4) 26741 | -4/Upper Caves | Discovered new exit (range 5) 26751 | -4/Upper Caves | Entered Zhirov 26751 | -4/Zhirov | Discovered new exit (range 3) 26783 | -4/Zhirov | Met Zhirov 26821 | -4/Zhirov | Learned location of Quarantine (-3) 26821 | -4/Zhirov | Learned location of Testing (-2) 26821 | -4/Zhirov | Learned location of Command (-1) 26829 | -4/Zhirov | Zhirov requested help retrieving the SGEMP Prototype 26856 | -4/Zhirov | Found Alien Artifact 26856 | -4/Zhirov | Identified Integrated Dissipator 26856 | -4/Zhirov | Installed Integrated Dissipator, increased core heat dissipation (+20) 26884 | -4/Zhirov | Found Alien Artifact 27108 | -4/Zhirov | Entered Proximity Caves 27284 | -3/Proximity Caves | Build established: Scavenger-Mutant 27564 | -3/Proximity Caves | Lost 4 parts (2n1u1w) 27800 | -3/Proximity Caves | Build established: Mutant 28019 | -3/Proximity Caves | Discovered exit to Research (range 7) 28044 | -3/Proximity Caves | Entered Research 28044 | -3/Research | Evolved 2 slots: Utility x2 28045 | -3/Research | Identified exit to Armory 28241 | -3/Research | Spotted B-86 Titan 28244 | -3/Research | Revision forces began assault on 0b10 28319 | -3/Research | Met up with Revision 17++ 28744 | -3/Research | Research terminal network offline 29051 | -3/Research | Spotted Striker 29052 | -3/Research | Identified Vortex Driver (x2) 29058 | -3/Research | Destroyed Striker 29112 | -3/Research | Destroyed 8 combat bots 29225 | -3/Research | Entered Armory 29539 | -3/Armory | Identified Vortex Chain Reactor 29555 | -3/Armory | Lost 5 parts (1p2u2w) 29740 | -3/Armory | Energy Cycler disabled 29779 | -3/Armory | Identified Transdimensional Reconstructor 29779 | -3/Armory | Warped through subspace to slip node 29779 | -3/Armory | Discovered new exit (range 1) 29809 | -3/Armory | Entered Lab 29809 | -3/Lab | Discovered new exit (range 9) 29824 | -3/Lab | Hidden lab's door opened automatically 29824 | -3/Lab | Sensor layout match revealed 29825 | -3/Lab | Gained access to the hidden lab's interior 29825 | -3/Lab | Unable to decrypt terminal 29918 | -3/Lab | Unable to decrypt terminal 29938 | -3/Lab | Found Alien Artifact 29938 | -3/Lab | Identified Integrated Mediator 29938 | -3/Lab | Installed Integrated Mediator, increased core attachment efficiency. 29945 | -3/Lab | Found Alien Artifact 29945 | -3/Lab | Identified Core Expander 29945 | -3/Lab | Installed Core Expander, added new Power slot 29966 | -3/Lab | Found Transdimensional Reconstructor 29966 | -3/Lab | Warped through subspace 29984 | -3/Lab | Unable to decrypt terminal 30001 | -3/Lab | Found Prototype Special Weapon 30001 | -3/Lab | Identified Gui. Remote Datajack 30035 | -3/Lab | Found Prototype Energy Gun 30035 | -3/Lab | Identified Hyp. EM Gauss Rifle 30078 | -3/Lab | Found Hyp. EM Gauss Rifle 30316 | -3/Lab | Found Prototype Protection 30316 | -3/Lab | Identified Med. Regenerative Plating 30321 | -3/Lab | Found Prototype Hackware 30371 | -3/Lab | Unable to decrypt terminal 30386 | -3/Lab | Entered Research 30386 | -2/Research | Warlord forces began assault on 0b10 30386 | -2/Research | Evolved 2 slots: Utility x2 30411 | -2/Research | Distinguished unit "Viscera Detail" dispatched to help 30449 | -2/Research | Met up with Warlord 30482 | -2/Research | Took control of God Mode 30482 | -2/Research | Attacked by Warlord forces 30482 | -2/Research | Spotted PH-FXA(B) 30482 | -2/Research | Spotted M2-MVN(B) 30484 | -2/Research | Attacked by Warlord 30485 | -2/Research | Spotted 80-XLC(D) 30496 | -2/Research | Research machine network offline 30499 | -2/Research | Spotted CW-LWD(L) 30510 | -2/Research | Spotted VX-KSC(B) 30510 | -2/Research | Spotted ET-T4M(B) 30510 | -2/Research | Spotted WC-SLL(B) 30510 | -2/Research | Spotted HI-B7L(K) 30512 | -2/Research | Spotted RL-M32(g) 30513 | -2/Research | Spotted L9-SBH(g) 30514 | -2/Research | Spotted W8-ORQ(K) 30514 | -2/Research | Identified Quantum Router 30516 | -2/Research | Identified Ghost Barrier 30521 | -2/Research | Spotted VF-52B(B) 30551 | -2/Research | Lost 4 parts (2u2w) 30558 | -2/Research | Spotted GI-252(L) 30670 | -2/Research | Discovered new exit (range 4) 30698 | -2/Research | Entered Testing 30699 | -2/Testing | Maximum security lockdown engaged 30726 | -2/Testing | Spotted PX-ALQN2KSXJ0 30741 | -2/Testing | Discovered new exit (range 15) 30748 | -2/Testing | Entered Access 30748 | -1/Access | Evolved 2 slots: Propulsion x2 30766 | -1/Access | Identified exit to Surface 30948 | *** | Escaped! Last Messages --------------- 30937_ >> Machine Analyzer network decryption results: 30937_ Terminal x1 30941_ Connecting with Terminal... >>Alert(Purge) Purged threat record, alert level lowered. >>Alert(Purge) Purged threat record, alert level lowered. >>Trojan(Botnet) Trojan loaded successfully. Testing... Terminal linked with 1 system. Awaiting botnet instructions. >>Alert(Purge) Purged threat record, alert level lowered. >>Alert(Check) Current Alert Level: 2-X 30947_ Connecting with Terminal... >>Open(Door) Sealed Barrier opened. 30947_ The Access Shell folds into the floor. Map ----- +----------------------------------------------------+ | # "T # #??????????????????????# ####????"""" | | # """ # #??????????????????????# +????"""" | | # # ???????????"???????????# ######??????"" | | # # ??????????"""??????????# #???????????"" | | # # ?????????"""???????????# #????????????? | | # ] #????????????"????????????# #????????????? | | # ?? +?????????????????????????# #????????????? | | #?? #?????????????????????????# #????????????? | | #??? #?????????????????????????# #????????????? | | #??????##?????????????????????????# #???????#????? | | ??????????????##################### ####= #????? | | ??????????H?? #????" | | ????????????? #????" | | ????????????????????# ""######### #????" | | ????????????????????# ""#????????? ##????G | | ????????????????????# ""#???????????#?????" | | ????????????????????# T#?????????????????" | | ????????????????????# ""#?????????????????" | | ????????????????????# ""#?????????????????? | | "??????????????????## ""##????????????????? | | ""?????????????????# #????????????????? | | "??????????????????## ##????????????????? | | ????????????????????# #?????????????????? | | ????????????????????# #?????????????????? | | ????????????????????# #?????????????????? | | ????????????????????# @" #?????????????????? | | ????????????????????# "" #?????????????????? | | ????????????????????# #?????????????????? | | ????????????????????# #?????????????????? | | ????????????????????# #?????????????????? | | ????????????????????#""""""""""#?????????????????? | | ?????????????????????????????????????????????????? | | ?????????????????????????????????????????????????? | | ?????????????????????????????????????????????????? | | ?????????????????????????????????????????????????? | | ??????????????????????BB????BB???????????????????? | | ??????????????????????BB????BB???????????????????? | | ?????????????????????????????????????????????????? | | ?????????????????????????????????????????????????? | | ?????????????????????????????????????????????????? | | ?????????????????????????????????????????????????? | | ?????????????????????????????????????????????????? | | ?????????????????????????? #????????????????????? | | ??###################### #????????????????????? | | ### #????????????????????? | | #????????????????????? | | ### #????????????????????? | | ??# #????????????????????? | | ??# #####++###############????????????????????? | | ??# #?????????????????????????????????????????? | +----------------------------------------------------+ Best States ------------- Heat Dissipation 132 Energy Generation 69 Energy Capacity 1250 Matter Stores 300 Matter Capacity 550 Sight Range 16 Robot Scan Range 16 Terrain Scan Range 20 Terrain Scan Density 10 ECM Strength 1 Jamming Range 14 Power Amplification 30 Corruption Containment 12 Armor Coverage 450 Resistance: KI 25 Resistance: TH 50 Resistance: EM 20 Core Shielding 40 Power Shielding 66 Melee Speed Boost 20 Phase Shifting 15 Evasion (%) 65 Targeting Accuracy 26 Recoil Reduction 6 Matter Filtering 30 Offensive Hacking 38 Defensive Hacking 55 Authchip Count 1 Item Schematics ----------------- Arm. Treads | -7/Factory | Scanalyzed Combat Drone Bay | -7/Data Miner | Free Lgt. Regenerative Plating | -7/Data Miner | Free Biomechanical Wings | -7/Data Miner | Free Exp. Utility Shielding | -7/Data Miner | Free Imp. Heavy Laser | -7/Data Miner | Free Nuclear Pulse Array | -7/Data Miner | Free Adv. Hacking Suite | -7/Data Miner | Free Disruptor Cannon | -7/Data Miner | Free Dispersion Rifle | -7/Data Miner | Free Exp. Heat Sink | -4/Zhirov | Free Assault Drone Bay | -4/Zhirov | Free Exp. Optical Array | -4/Zhirov | Free Imp. Arc Thrower | -4/Zhirov | Free Robot Schematics ------------------ Y-54 Guardian | -7/Data Miner | Free G-50 Soldier | -7/Data Miner | Free W-25 Informer | -7/Data Miner | Free X-67 Chaingunner | -7/Data Miner | Free B-60 Warrior | -7/Data Miner | Free C-35 Carver | -7/Data Miner | Free Fabricated ------------ Dispersion Rifle | x2 | -6/Factory | Authchip Alien Tech Used ----------------- Integrated Dissipator Transdimensional Reconstructor Integrated Mediator Core Expander Achievements -------------- Godhack Great Explorer Overkill Challenges ------------ None Game ------ Seed ThrusterCooledBroadsword Manual? 0 Play Time 03:11:32 Cumulative 212.5 hours Start 2023.08.15 @ 21:08:09 End 2023.08.16 @ 21:12:25 Sessions 7 Manual Loads 0 Difficulty Rogue Special Mode None Game No. 247 Rogue 247 Adventurer 0 Explorer 0 Win Type 0 Total 5 Types 3/0/0/1/0/0/1/0/0 Lore% 71 Gallery% 78 Achievement% 63 Wizard Run 0 Options --------- ASCII 0 Keyboard 0 Movement Numpad Keybinds 0 Fullscreen 1 Font 18/SmallcapsGlow Map View 76x50 Tactical HUD 1 Map Filters NONE Filters NONE Steam 1 RUN: af445791-4abc-40b0-918f-793fdabd7fac